 Dungeon Crawl Stone Soup version 0.25.0-46-gbd7b0854d2 (webtiles) character file.

Game seed: 10352690212212258254

141 protoss039 the Digger (level 5, -2/28 HPs)
             Began as a Deep Elf Earth Elementalist on July 15, 2020.
             Slain by a goblin (3 damage)
             ... led by Robin
             ... on level 3 of the Dungeon.
             The game lasted 00:07:01 (3099 turns).

protoss039 the Digger (Deep Elf Earth Elementalist) Turns: 3099, Time: 00:07:01

Health: -2/28      AC:  3    Str:  5    XL:     5   Next: 3%
Magic:  6/14       EV: 13    Int: 21    God:
Gold:   100        SH:  0    Dex: 15    Spells: 12/13 levels left

rFire    . . .     SeeInvis .   l - +0 dagger
rCold    + . .     Gourm    .   (no shield)
rNeg     . . .     Faith    .   c - +1 robe
rPois    .         Spirit   .   (no helmet)
rElec    .         Reflect  .   (no cloak)
rCorr    .         Harm     .   (no gloves)
MR       .....                  (no boots)
Stlth    ++........             (no amulet)
HPRegen  0.09/turn              (no ring)
MPRegen  0.14/turn              j - ring of protection from cold

@: no status effects
A: no striking features
a: no special abilities


You were on level 3 of the Dungeon.
You were hungry.

You visited 1 branch of the dungeon, and saw 3 of its levels.

You collected 100 gold pieces.

Inventory:

Hand Weapons
 l - a +0 dagger (weapon)
Missiles
 b - 127 stones (quivered)
Armour
 c - a +1 robe (worn)
Jewellery
 j - a ring of protection from cold (right hand)
Scrolls
 a - a scroll of immolation
Potions
 e - 5 potions of might {unknown}
 f - 3 potions of degeneration {unknown}
 g - a potion of magic {unknown}
 i - 2 potions of ambrosia {unknown}
 k - 3 potions of curing {unknown}
 n - 2 potions of mutation {unknown}
 r - a potion of resistance {unknown}
 s - a potion of haste {unknown}
Comestibles
 d - 6 rations
 h - 3 chunks of flesh


   Skills:
 - Level 3.0 Dodging
 - Level 3.0 Stealth
 + Level 4.8 Spellcasting
   Level 1.1 Transmutations
 + Level 5.0 Earth Magic


You had 12 spell levels left.
You knew the following spells:

 Your Spells              Type           Power        Failure   Level  Hunger
a - Sandblast             Erth           ####..       1%          1    None

Your spell library contained the following spells:

 Spells                   Type           Power        Failure   Level  Hunger
 Passwall                 Tmut/Erth      ###.....     4%          2    None
 Stone Arrow              Conj/Erth      ###...       12%         3    ##.....
 Petrify                  Tmut/Erth      ###.....     30%         4    ####...
 Lee's Rapid Deconstruct  Erth           ####......   36%         5    #####..


Dungeon Overview and Level Annotations

Branches:
Dungeon (3/15)

Altars:

Annotations:
D:3 Robin


Message History

Aim: a goblin, wielding a +0 club (strong)
The blast of sand misses the goblin.
b - 127 stones Robin says, "A pitiful Elf like you will never find the ORB!"
The goblin hits you with a +0 club! The goblin barely misses you.
The goblin hits you but does no damage.
Unknown command.
Unknown command.
Robin throws the goblin at you! The goblin hits you with a +0 club.
* * * LOW HITPOINT WARNING * * *
The goblin misses you.
Items here: ( )) † a +0 club; a +0 hunting sling; 20 stones; a goblin corpse Unknown command.
You hit the goblin.
The goblin is moderately wounded.
The goblin hits you with a +0 club!
* * * LOW HITPOINT WARNING * * *
The goblin hits you.
You die...

#..#.#.. #....#..
#.#..#...
#####.<..#.....gg
#..(.##..#.......
#....###.#....... #....#
#....!g..g #...g#
#........g ########...@#
#......g.g
..........gg###....g..!.
..........†g!)...>......
..............).........
..............÷...####..
##########.....[..#
#...........#
........$.....#
#.....####.....#


You could see Robin and 3 goblins.

Vanquished Creatures
  A howler monkey (D:2)
  A gnoll (D:1)
  5 adders
  A dart slug (D:1)
  4 leopard geckos
  2 giant cockroaches (D:1)
  11 goblins
  4 hobgoblins
  A kobold (D:3)
  2 ball pythons
  4 bats
  A frilled lizard (D:2)
  8 rats
45 creatures vanquished.

Notes
Turn   | Place    | Note
-------+----------+-------------------------------------------
     0 | D:1      | protoss039 the Deep Elf Earth Elementalist began the quest
                  | for the Orb.
     0 | D:1      | Reached XP level 1. HP: 10/10 MP: 6/6
   382 | D:1      | Reached XP level 2. HP: 15/15 MP: 6/8
   831 | D:1      | Reached skill level 4 in Earth Magic
  1008 | D:1      | Reached XP level 3. HP: 19/19 MP: 9/9
  2094 | D:2      | Reached XP level 4. HP: 17/24 MP: 6/12
  3081 | D:3      | Noticed Robin
  3092 | D:3      | Reached XP level 5. HP: 25/28 MP: 10/14
  3096 | D:3      | Reached skill level 5 in Earth Magic
  3099 | D:3      | HP: 1/28 [goblin/+0 club[Robin] (7)]
  3099 | D:3      | Slain by a goblin

Illustrated notes

Levels and vault maps discovered:
D:1:      dpeg_arrival_shrine, layout_loops_corners
D:2:      layout_basic
D:3:      layout_basic, uniq_robin

Skill      XL: |  1  2  3  4  5 |
---------------+----------------+-----
Dodging        | 3 |  3.0
Earth Magic    | 4 5 |  5.0
Stealth        | 3 |  3.0
Spellcasting   | 4 |  4.8
Transmutations | |  1.1

Action                   |  1- 3 |  4- 6 || total
-------------------------+-------+-------++-------
Melee: Unarmed           |     8 |       ||     8
       Dagger            |    32 |    19 ||    51
 Cast: Sandblast         |    28 |    19 ||    47
  Use: Scroll            |       |     5 ||     5
 Stab: Sleeping          |     6 |     2 ||     8
  Eat: Chunk             |     3 |     3 ||     6
Armor: Robe              |     6 |     5 ||    11
Dodge: Dodged            |    44 |    20 ||    64
